Map: Acid Plant LE

Players

Reynor

  • Race: Zerg Zerg
  • Spawn Location: 11:00

Serral - Winner!

  • Race: Zerg Zerg
  • Spawn Location: 5:00

Event: WCS Valencia 2018

VOD

Have the link to the VOD?

Description

Time

  • Played on: July 14, 2018, 5:23 a.m.
  • Length: 7:43

All games in this series

Show
View Real Time Build Order
Export as new Build Order

Reynor Zerg 

Build Orders: Hatch First 

Get SALT Encoding   

  12  0:00  Drone  
  13  0:12  Overlord  
  13  0:16  Drone  
  14  0:30  Drone x2  
  16  0:35  Drone  
  17  0:52  Hatchery  
  17  0:55  Drone  
  17  0:59  Drone  
  18  1:09  Extractor  
  17  1:13  Spawning Pool  
  17  1:16  Drone  
  17  1:20  Drone  
  18  1:28  Drone  
  19  1:38  Overlord  
  19  1:50  Drone  
  20  2:00  Queen  
  23  2:01  Zergling x2  
  23  2:04  Queen  
  23  2:05  Drone  
  26  2:08  Metabolic Boost  
  26  2:10  Drone  
  26  2:15  Drone  
  28  2:30  Hatchery  
  28  2:32  Drone  
  28  2:34  Drone  
  29  2:37  Drone  
  30  2:49  Queen  
  30  2:51  Baneling Nest  
  31  2:54  Overlord  
  31  2:57  Drone  
  32  3:00  Drone  
  33  3:05  Zergling x2  
  33  3:06  Zergling x2  
  35  3:13  Zergling x4  
  35  3:15  Drone x2  
  35  3:19  Overlord  
  39  3:21  Zergling x2  
  39  3:23  Drone  
  39  3:25  Drone  
  42  3:27  Drone  
  43  3:34  Baneling x3  
  43  3:38  Drone  
  43  3:39  Drone x2  
  46  3:43  Baneling x2  
  46  3:44  Zergling x2  
  46  3:46  Zergling x4  
  49  3:49  Zergling x2  
  49  3:53  Overlord  
  50  3:57  Queen  
  50  4:02  Drone x2  
  45  4:04  Zergling x2  
  45  4:07  Drone  
  45  4:09  Drone  
  48  4:13  Zergling x2  
  44  4:17  Zergling x4  
  44  4:23  Zergling x2  
  47  4:30  Drone x2  
  49  4:31  Evolution Chamber  
  49  4:32  Drone  
  49  4:37  Zergling x4  
  49  4:38  Drone  
  52  4:40  Drone  
  53  4:47  Drone x2  
  54  4:52  Baneling  
  54  4:53  Baneling  
  54  4:54  Overlord  
  54  4:58  Zerg Missile Weapons Level 1  
  54  4:59  Drone x2  
  55  5:02  Zergling x4  
  55  5:05  Drone x2  
  59  5:10  Zergling x6  
  59  5:13  Overlord  
  61  5:17  Drone x3  
  61  5:18  Drone  
  65  5:21  Overlord  
  63  5:36  Drone x3  
  63  5:37  Drone  
  63  5:40  Drone x2  
  63  5:41  Drone  
  69  5:44  Overlord  
  69  5:45  Drone x2  
  69  5:46  Lair  
  69  5:48  Extractor, Drone x2  
  72  5:50  Extractor  
  72  5:55  Overlord  
  72  5:56  Drone x3  
  74  6:01  Overlord  
  74  6:06  Drone, Roach Warren  
  74  6:08  Drone  
  74  6:10  Zergling x6  
  77  6:12  Extractor  
  77  6:13  Spine Crawler  
  77  6:14  Zergling x2  
  76  6:19  Zergling x12  
  76  6:20  Zergling x2  
  76  6:21  Baneling x3  
  76  6:23  Baneling  
  76  6:24  Baneling x2  
  83  6:28  Zergling x2  
  83  6:29  Zergling x8  
  83  6:30  Zergling x2  
  86  6:35  Zergling x2  
  84  6:41  Zergling x4  
  78  6:47  Zergling x8  
  78  6:49  Zergling x4  
  78  6:50  Zergling x2  
  78  6:52  Baneling x7  
  78  6:53  Roach  
  80  6:54  Roach x2  
  80  6:59  Zergling x2, Roach x2  
  83  7:02  Roach  
  83  7:06  Roach  
  81  7:11  Roach  
  81  7:14  Roach  
  70  7:17  Roach  
  70  7:21  Roach  
  64  7:24  Roach  
Show
View Real Time Build Order
Export as new Build Order

Serral Zerg - Winner!

Build Orders: Hatch First, Zergling Baneling 

Get SALT Encoding   

  12  0:00  Drone  
  13  0:12  Overlord  
  13  0:17  Drone  
  14  0:30  Drone x2  
  16  0:48  Hatchery  
  15  0:51  Drone  
  15  0:54  Drone  
  17  0:57  Drone  
  18  1:08  Extractor  
  17  1:13  Spawning Pool  
  17  1:16  Drone  
  17  1:19  Drone  
  18  1:28  Drone  
  19  1:38  Drone  
  20  1:49  Overlord  
  20  1:59  Queen x2  
  20  2:00  Drone x2  
  26  2:07  Metabolic Boost  
  26  2:10  Zergling x2  
  26  2:11  Drone  
  28  2:21  Drone x2  
  30  2:34  Hatchery  
  30  2:36  Zergling x2  
  30  2:42  Baneling Nest  
  29  2:46  Drone  
  29  2:47  Drone  
  29  2:50  Overlord  
  31  2:54  Drone  
  31  2:55  Zergling x2  
  33  3:04  Zergling x4  
  35  3:09  Zergling x6  
  35  3:11  Zergling x2  
  39  3:13  Zergling x2  
  39  3:16  Zergling x2  
  39  3:19  Zergling x4  
  43  3:26  Baneling x4  
  43  3:29  Zergling x2  
  43  3:30  Overlord  
  44  3:35  Baneling  
  44  3:36  Baneling  
  44  3:41  Overlord  
  44  3:53  Drone x7  
  50  3:56  Drone  
  49  4:05  Drone x2  
  49  4:09  Overlord  
  50  4:11  Drone  
  50  4:13  Zergling x4, Drone  
  50  4:16  Zergling x2  
  46  4:20  Zergling x2  
  46  4:21  Drone  
  46  4:23  Zergling x2, Drone  
  49  4:25  Drone  
  49  4:30  Queen  
  52  4:33  Zergling x2  
  52  4:35  Baneling  
  52  4:36  Drone x2  
  55  4:40  Drone  
  55  4:41  Drone  
  55  4:43  Baneling  
  57  4:47  Extractor  
  57  4:49  Overlord  
  57  4:50  Drone x2  
  57  4:53  Drone x2  
  57  4:54  Drone  
  57  4:58  Overlord  
  59  5:01  Extractor  
  59  5:06  Overlord  
  58  5:10  Roach Warren  
  58  5:13  Zergling x8  
  59  5:17  Evolution Chamber  
  58  5:24  Drone x2  
  58  5:26  Overlord  
  57  5:42  Baneling x2  
  57  5:49  Roach x9  
  79  5:50  Roach x3  
  81  5:59  Baneling x2  
  81  6:03  Roach x4  
  89  6:20  Zergling x16  
  89  6:25  Overlord  
  97  6:26  Zergling x10  
  97  6:32  Zergling x6  
  104  6:37  Zergling x4  
  102  6:45  Ravager x3  
  98  6:49  Zergling x6  
  98  6:53  Zergling x2  
  98  6:54  Zergling x14  
  106  7:03  Zergling x10  
  106  7:08  Ravager  
  110  7:11  Zergling x2  
  109  7:21  Zergling x6  
Tags
 
Add a new tag
Caveats
  • Supply blocks, unpowered buildings, or Contaminate may cause inaccurate times.
  • Supply counts are checked every 10 seconds.